AoeStats
← j0w1_69

Arabia

510563847Analyzed
2v2 RM · 23h ago on Oct 1, 2026· 38m 54s· 4 players
Game mode
Random Map
Map size
Medium (4 player)
Population
200
Speed
Normal
Resources
Standard
Victory
Conquest
Starting age
Dark Age
Ending age
Imperial Age
RankedLock teamsTeams togetherTeam positionsShared explorationLock speedFull tech treeHidden civsTurbo modeCheats
Victory
Defeat
🇸🇰 Bohemians · Slovakia
711
+15
🇸🇰 Chinese · Slovakia
711
+15
🇪🇸 Gurjaras · Spain
700
-15
🇪🇸 Chinese · Spain
685
-15
aleixmn8.s
0:26 Loom
11:48 Feudal Age
12:25 Double-Bit Axe
13:34 Horse Collar
14:16 Town Watch
18:12 Wheelbarrow
19:53 Forging
22:20 Bloodlines
22:20 Scale Barding Armor
29:12 Castle Age
30:41 Elite Skirmisher
31:54 Husbandry
31:19 Light Cavalry
j0w1_69
0:56 Loom
12:58 Feudal Age
22:55 Wheelbarrow
26:21 Fletching
26:31 Padded Archer Armor
28:45 Castle Age
27:00 Double-Bit Axe
30:36 Leather Archer Armor
30:17 Bodkin Arrow
29:46 Crossbowman
30:40 Pikeman
31:23 Elite Skirmisher
Dr. Radko
3:17 Loom
9:43 Feudal Age
10:28 Double-Bit Axe
12:01 Horse Collar
15:40 Town Watch
16:00 Fletching
22:38 Castle Age
24:46 Bodkin Arrow
24:51 Padded Archer Armor
27:18 Bow Saw
30:23 Leather Archer Armor
30:18 Forging
30:12 Heavy Plow
32:01 Chemistry
31:21 Ballistics
34:03 Iron Casting
39:55 Imperial Age
samcút_NT
9:53 Feudal Age
10:48 Double-Bit Axe
10:45 Horse Collar
19:20 Loom
24:04 Castle Age
24:11 Castle Age
21:57 Loom
25:06 Bow Saw
25:14 Heavy Plow
25:06 Gold Mining
25:07 Stone Mining
26:35 Fletching
26:46 Padded Archer Armor
26:58 Thumb Ring
26:18 Crossbowman
35:48 Bodkin Arrow
36:08 Leather Archer Armor
36:58 Ballistics
Connection lost

Rejoining the realm…

Still unreachable

The connection could not be restored.

Session expired

The server has moved on; the page needs a fresh start.